 Dungeon Crawl Stone Soup version 0.27-a0-1555-g0e7b3fb1d2 (webtiles) character file.

Game seed: 3701141515283351181

45 Hasart the Skirmisher (level 3, 0/31 HPs)
             Began as a Demigod Fighter on July 14, 2021.
             Slain by a gnoll (5 damage)
             ... on level 2 of the Dungeon.
             The game lasted 00:02:15 (1793 turns).

Hasart the Skirmisher (Demigod Fighter)             Turns: 1793, Time: 00:02:16

Health: 0/31       AC:  6    Str: 21    XL:     3   Next: 25%
Magic:  5/5        EV:  7    Int: 10    God:
Gold:   5          SH:  9    Dex: 13    Spells: 2/2 levels left

rFire    . . .     SeeInvis .   a - +0 war axe
rCold    . . .     Faith    .   c - +0 kite shield
rNeg     . . .     Spirit   .   b - +0 scale mail
rPois    .         Reflect  .   (no helmet)
rElec    .         Harm     .   (no cloak)
rCorr    .         Rampage  .   (no gloves)
Will     .....                  (no boots)
Stlth    ..........             (no amulet)
HPRegen  0.10/turn              (no ring)
MPRegen  0.09/turn              (no ring)

@: mighty
A: high mp 1, forlorn
a: no special abilities


You were on level 2 of the Dungeon.
You visited 1 branch of the dungeon, and saw 2 of its levels.

You collected 5 gold pieces.

Inventory:

Hand Weapons
 a - a +0 war axe (weapon)
Armour
 b - a +0 scale mail (worn)
 c - a +0 kite shield (worn)
Jewellery
 g - a ring of fire
Scrolls
 e - a scroll of enchant weapon {unknown}
 f - 2 scrolls of immolation {unknown}
 h - a scroll of identify {unknown}
 i - a scroll of summoning {unknown}


   Skills:
 + Level 3.2 Fighting
 * Level 3.1 Axes
 - Level 2.6 Armour
 - Level 2.6 Shields


You had 2 spell levels left.
You didn't know any spells.
Your spell library was empty.

Dungeon Overview and Level Annotations

Branches:
Dungeon (2/15)


Innate Abilities, Weirdness & Mutations

Your attributes grow dramatically as you level up.
You have an increased reservoir of magic. (+10% MP)
You shall have no god before yourself.


Message History

You feel sick.
You feel sick.
The gnoll throws a poisoned dart.
The poisoned dart hits you!
You are more poisoned.
You feel sick.
You feel sick.
You feel sick.
You feel sick.
You feel sick.
You feel sick.
You feel sick.
You feel sick.
You are no longer poisoned.
There is a stone staircase leading up here.
You climb upwards.
There is a stone staircase leading down here.
You start resting.
HP restored.
You can't go up here!
You climb downwards.
There is a stone staircase leading up here.
The gnoll throws a poisoned dart.
The poisoned dart hits you!
You are poisoned.
You feel sick.
The gnoll hits you from afar with a +0 spear.
You feel sick. The gnoll closely misses you.
You barely miss the gnoll.
You feel sick. The gnoll hits you but does no damage.
You hit the gnoll.
The gnoll is lightly wounded.
You feel sick. The gnoll hits you with a +0 spear. x2
You closely miss the gnoll.
The gnoll is lightly wounded.
You feel sick. The gnoll hits you with a +0 spear. x2
* * * LOW HITPOINT WARNING * * *
Unknown command.
You feel very mighty all of a sudden.
You feel sick.
You are no longer poisoned.
The gnoll hits you with a +0 spear.
You die...

#.# #...........
#.#######.........##
####........#...†....#
####........##.##.#.#####
#......#.##.##.##.#.#
#.##...#.##.........#
#.###.##.#####.#...##
#........#####.#...#
#..##.##.@...<.#...#
.#######..##.##g#######...#
..........##....# #...#
.#####.......#..# #...#
#..†..##.##.#..#######...######.
#.....##........................
#........##.....................
#.....#####..........g..........
#...........>#######.#...#.####.


You could see a gnoll.

Vanquished Creatures
  A gnoll (D:1)
  3 ball pythons
  6 endoplasms
  2 giant cockroaches
  2 hobgoblins
  4 jackals
  2 kobolds (D:1)
  2 quokkas (D:2)
  4 bats
  3 frilled lizards (D:1)
  2 rats
31 creatures vanquished.

Notes
Turn   | Place    | Note
-------+----------+-------------------------------------------
     0 | D:1      | Hasart the Demigod Fighter began the quest for the Orb.
     0 | D:1      | Reached XP level 1. HP: 18/18 MP: 3/3
   428 | D:1      | Reached XP level 2. HP: 20/25 MP: 4/4
  1304 | D:2      | Reached XP level 3. HP: 22/31 MP: 5/5
  1793 | D:2      | Slain by a gnoll

Illustrated notes

Levels and vault maps discovered:
D:1:      nzn_arrival_depleted_hourglass, layout_basic, minmay_stone_trees_small
D:2:      layout_loops_cross, basic_altar

Skill      XL: |  1  2  3 |
---------------+----------+-----
Axes           | 2 3 |  3.1
Fighting       | 3 |  3.2
Armour         | |  2.6
Shields        | |  2.6

Action                   || total
-------------------------++-------
Melee: War axe           ||    88
  Use: Potion            ||     1
Armor: Scale mail        ||    43
Dodge: Dodged            ||    31
Block: Kite shield       ||    49

Table legend: (Time is in decaauts)
 A = Elapsed time spent in this place.
 B = Non-inter-level travel time spent in this place.
 C = Inter-level travel time spent in this place.
 D = Time resting spent in this place.
 E = Time spent auto-exploring this place.
 F = Levels seen in this place.
 G = Mean time per level.
                   A        B        C        D        E       F      G
               +--------+--------+--------+--------+--------+-----+--------+
         Total |   1848 |   1795 |     53 |    128 |   1382 |   2 |  924.0 |
       Dungeon |   1848 |   1795 |     53 |    128 |   1382 |   2 |  924.0 |
               +--------+--------+--------+--------+--------+-----+--------+

Top non-repeatable levels by time:
     D:1: 1392 daAuts
     D:2: 456 daAuts
